AoeStats
← Undead

Arena

510415676Analyzed
2v2 RM · 1d ago on Sep 30, 2026· 29m 40s· 4 players
Game mode
Random Map
Map size
Medium (4 player)
Population
200
Speed
Normal
Resources
Standard
Victory
Conquest
Starting age
Dark Age
Ending age
Imperial Age
RankedLock teamsTeams togetherTeam positionsShared explorationLock speedFull tech treeHidden civsTurbo modeCheats
Victory
Defeat
🇮🇳 Slavs · India
1300
+8
🇮🇳 Spanish · India
862
+73
🇳🇱 Magyars · Netherlands
1116
-17
🇦🇷 Turks · Argentina
1063
-15
Undead
10:55 Feudal Age
15:03 Castle Age
19:12 Horse Collar
20:37 Fletching
20:55 Scale Barding Armor
20:50 Light Cavalry
24:05 Wheelbarrow
23:45 Heavy Plow
27:21 Hand Cart
27:00 Gold Mining
27:52 Loom
27:53 Town Watch
30:53 Imperial Age
28:54 Bloodlines
28:44 Husbandry
Degenereat Potato
11:33 Feudal Age
15:45 Castle Age
13:54 Loom
14:25 Double-Bit Axe
14:24 Horse Collar
24:38 Padded Archer Armor
27:54 Bow Saw
xKingViper
10:59 Feudal Age
15:09 Castle Age
13:16 Double-Bit Axe
14:21 Horse Collar
17:15 Bow Saw
18:32 Loom
19:39 Heavy Plow
22:47 Bloodlines
22:47 Gold Mining
29:38 Imperial Age
27:29 Scale Barding Armor
sebact
10:22 Feudal Age
11:04 Loom
15:18 Castle Age
27:46 Imperial Age
Connection lost

Rejoining the realm…

Still unreachable

The connection could not be restored.

Session expired

The server has moved on; the page needs a fresh start.